AoeStats
← JoN

Nomad

509651722Analyzed
4v4 RM · 4d ago on Sep 27, 2026· 47m 42s· 8 players
Game mode
Random Map
Map size
231×231
Population
200
Speed
Normal
Resources
Standard
Victory
Conquest
Starting age
Dark Age
Ending age
Imperial Age
RankedLock teamsTeams togetherTeam positionsShared explorationLock speedFull tech treeHidden civsTurbo modeCheats
Victory
Defeat
🇬🇧 Cumans · United Kingdom
1181
+17
🇷🇪 Persians · Réunion
1162
+18
🇫🇷 Danes · France
1096
+20
🇫🇷 Varangians · France
1095
+21
🇫🇷 Slavs · France
1233
-20
🇹🇷 Koreans · Türkiye
1229
-20
🇲🇽 Italians · Mexico
1203
-19
🇦🇷 Danes · Argentina
1147
-17
SoldatFou
3:20 Loom
14:37 Feudal Age
18:31 Castle Age
17:03 Fletching
17:10 Fishing Lines
18:07 Forging
20:52 Bodkin Arrow
21:21 Gillnets
23:08 Double-Bit Axe
26:13 Wheelbarrow
25:58 Gold Mining
25:59 Stone Mining
28:03 Iron Casting
30:13 Bow Saw
32:06 Hand Cart
34:27 Bloodlines
34:18 Husbandry
39:11 Imperial Age
37:21 Scale Barding Armor
37:44 Horse Collar
39:49 Heavy Plow
40:08 Elite Jarl
42:31 Crop Rotation
41:50 Capped Ram
44:18 Blast Furnace
43:57 Ballistics
44:39 Chemistry
44:39 Scale Mail Armor
45:13 Elite Varangian Guard
45:40 Arson
46:04 Scale Mail Armor
46:05 Padded Archer Armor
46:20 Gambesons
46:36 Squires
47:33 Conscription
46:35 Gothikon
Hypérion
4:37 Loom
14:50 Feudal Age
19:59 Castle Age
18:17 Fishing Lines
18:43 Double-Bit Axe
20:14 Gold Mining
20:45 Gillnets
21:26 Arson
24:56 Stone Mining
27:23 Town Watch
28:13 Wheelbarrow
27:35 Pikeman
28:16 Squires
28:32 Fletching
32:07 Imperial Age
32:33 Bodkin Arrow
32:39 Padded Archer Armor
32:27 Horse Collar
33:04 Bow Saw
33:48 Town Watch
34:31 Conscription
34:45 Heavy Plow
37:26 Clinker Construction
39:14 Bracer
40:03 Hand Cart
40:49 Onager
42:17 Siege Onager
42:21 Northmen's Fury
43:44 Forging
43:34 Scale Mail Armor
46:07 Elite Jomsviking
47:26 Hoardings
jorvikshungite
3:30 Loom
18:18 Feudal Age
19:30 Double-Bit Axe
29:22 Fishing Lines
34:42 Wheelbarrow
43:50 Wheelbarrow
45:21 Town Watch
raphael-974-
6:05 Loom
15:13 Feudal Age
19:30 Wheelbarrow
18:44 Double-Bit Axe
19:11 Fishing Lines
20:50 Town Watch
25:31 Castle Age
25:41 Bloodlines
26:16 Scale Barding Armor
26:16 Husbandry
27:09 Bow Saw
27:00 Horse Collar
35:19 Medium Warships
35:55 Gold Mining
36:09 Gillnets
39:36 Hand Cart
47:57 Imperial Age
46:22 Chain Barding Armor
46:13 Forging
Sebastián
10:59 Loom
14:49 Feudal Age
19:15 Castle Age
18:08 Bloodlines
17:56 Gold Mining
19:24 Scale Barding Armor
21:06 Forging
23:00 Iron Casting
28:07 Stone Mining
34:06 Stone Shaft Mining
36:46 Imperial Age
34:55 Wheelbarrow
37:04 Imperial Age
35:05 Ballistics
34:36 Fletching
35:00 Padded Archer Armor
35:21 Bodkin Arrow
35:25 Double-Bit Axe
36:44 Leather Archer Armor
36:59 Bow Saw
38:27 Conscription
38:42 Bracer
41:10 Chemistry
42:32 Two-Man Saw
45:53 Ring Archer Armor
46:09 Masonry
46:35 Hoardings
JoN
4:55 Loom
12:36 Feudal Age
18:53 Double-Bit Axe
22:11 Castle Age
20:21 Fletching
21:03 Horse Collar
26:55 Scale Barding Armor
31:14 Wheelbarrow
37:40 Heavy Plow
Valhalin
6:06 Loom
6:46 Loom
17:49 Feudal Age
19:13 Fletching
23:32 Wheelbarrow
27:04 Double-Bit Axe
30:07 Castle Age
29:07 Horse Collar
29:58 Scale Mail Armor
29:53 Stone Mining
35:53 Bow Saw
37:32 Squires
39:11 Heavy Plow
40:55 Chain Mail Armor
41:20 Forging
43:02 Iron Casting
41:58 Pikeman
Nuhro
6:49 Loom
15:10 Feudal Age
17:44 Fletching
18:47 Forging
30:32 Castle Age
30:02 Double-Bit Axe
31:04 Forging
31:17 Gold Mining
32:17 Bow Saw
33:11 Stone Mining
35:39 Iron Casting
36:12 Wheelbarrow
39:42 Horse Collar
43:56 Masonry
Connection lost

Rejoining the realm…

Still unreachable

The connection could not be restored.

Session expired

The server has moved on; the page needs a fresh start.